 Dungeon Crawl Stone Soup version 0.24.1-14-gf8d2b509d9 (webtiles) character file.

Game seed: 13662801752961310812, levelgen mode: deterministic

3006 sankara the Grappler (level 9, -4/75 HPs)
             Began as a Green Draconian Transmuter on Sept 3, 2020.
             Was a Priest of Wu Jian.
             Killed from afar by an electric eel (11 damage)
             ... with a bolt of electricity
             ... on level 8 of the Dungeon.
             The game lasted 00:23:49 (7778 turns).

sankara the Grappler (Green Draconian Transmuter)   Turns: 7778, Time: 00:23:50

Health: -4/75      AC:  2    Str: 14    XL:     9   Next: 54%
Magic:  5/13       EV: 24    Int: 14    God:    Wu Jian [***...]
Gold:   389        SH:  0    Dex: 18    Spells: 5/14 levels left

rFire    . . .     SeeInvis .     - Unarmed
rCold    . . .     Gourm    .   (shield currently unavailable)
rNeg     . . .     Faith    .   (armour unavailable)
rPois    x         Spirit   .   (helmet currently unavailable)
rElec    .         Reflect  .   (cloak currently unavailable)
rCorr    .         Harm     .   (gloves currently unavailable)
MR       .....                  (boots currently unavailable)
Stlth    +.........             (no amulet)
HPRegen  0.22/turn              (no ring)
MPRegen  0.13/turn              (no ring)

@: spider-form (expiring), very slightly contaminated, very slow
A: tiny, (breathe noxious fumes), unfitting armour, AC +7
a: End Transformation, Wall Jump, Serpent's Lash, Renounce Religion


You were on level 8 of the Dungeon.
You worshipped Wu Jian.
Wu Jian was most pleased with you.
You were not hungry.
You were a venomous arachnid creature.
You visited 2 branches of the dungeon, and saw 9 of its levels.

You collected 389 gold pieces.

Inventory:

Missiles
 a - 157 arrows
 f - 216 stones (quivered)
 p - 8 curare-tipped darts
 s - 14 poisoned darts
 y - 2 throwing nets
 E - 13 sling bullets
Armour
 n - a +2 hat (melded)
 x - a +0 pair of boots (melded)
Magical Staves
 D - an uncursed staff of cold
 H - an uncursed staff of air
Wands
 A - a wand of random effects (11)
Scrolls
 d - 2 scrolls of noise {unknown}
 g - a scroll of enchant weapon {unknown}
 j - 2 scrolls of magic mapping {unknown}
 k - 2 scrolls of fear {unknown}
 l - 3 scrolls of amnesia {unknown}
 o - 9 scrolls of identify {unknown}
 q - 7 scrolls of teleportation {unknown}
 t - a scroll of immolation {unknown}
 u - 3 scrolls of enchant armour {unknown}
 v - 2 scrolls of blinking {unknown}
 C - 2 scrolls of fog {unknown}
 G - 2 scrolls of remove curse {unknown}
Potions
 b - a potion of magic {unknown}
 e - 2 potions of cancellation {unknown}
 h - 3 potions of brilliance {unknown}
 i - a potion of mutation {unknown}
 m - 5 potions of curing {unknown}
 r - 4 potions of lignification {unknown}
 w - a potion of agility {unknown}
 z - a potion of heal wounds {unknown}
 B - a potion of berserk rage {unknown}
 F - a potion of degeneration {unknown}
 I - 4 potions of haste {unknown}
Comestibles
 c - 17 rations
 J - 3 chunks of flesh


   Skills:
 + Level 6.2 Fighting
 + Level 5.5 Dodging
 * Level 8.7 Unarmed Combat
 - Level 3.0 Spellcasting
 + Level 6.0 Transmutations
 - Level 3.0 Poison Magic


You had 5 spell levels left.
You knew the following spells:

 Your Spells              Type           Power        Failure   Level  Hunger
a - Beastly Appendage     Tmut           ###...       8%          1    #......
b - Blink                 Tloc           N/A          54%         2    ##.....
c - Spider Form           Tmut/Pois      ##........   24%         3    ###....
d - Confusing Touch       Hex            #.....       43%         1    #......
e - Sticks to Snakes      Tmut           ###.....     10%         2    ##.....

Your spell library contained the following spells:

 Spells                   Type           Power        Failure   Level  Hunger
 Animate Skeleton         Necr           N/A          43%         1    #......
 Apportation              Tloc           #.....       43%         1    #......
 Corona                   Hex            #......      43%         1    #......
 Magic Dart               Conj           #...         43%         1    #......
 Summon Small Mammal      Summ           #...         43%         1    #......
 Call Imp                 Summ           #.......     54%         2    ##.....
 Ensorcelled Hibernation  Hex/Ice        #.....       54%         2    ##.....
 Slow                     Hex            #.......     54%         2    ##.....
 Mephitic Cloud           Conj/Pois/Air  #.......     61%         3    ###....
 Blade Hands              Tmut           ###.......   67%         5    ######.
 Ice Form                 Ice/Tmut       ##......     73%         4    #####..
 Confuse                  Hex            #.......     75%         3    ###....
 Conjure Flame            Conj/Fire      #.......     75%         3    ###....
 Dazzling Spray           Conj/Hex       #.....       75%         3    ###....
 Tukima's Dance           Hex            #.......     75%         3    ###....


Dungeon Overview and Level Annotations

Branches:
Dungeon (8/15)             Temple (1/1) D:7
   Lair: D:8-11

Altars:
Ashenzari
Cheibriados
Dithmenos
Elyvilon
Fedhas
Gozag
Hepliaklqana
Kikubaaqudgha
Makhleb
Nemelex Xobeh
Okawaru
Qazlal
Ru
Sif Muna
Trog
Uskayaw
Vehumet
Wu Jian
Yredelemnul
Zin

Shops:
D:5 %   D:6 [   D:7 *


Innate Abilities, Weirdness & Mutations

((You can breathe blasts of noxious fumes.))
((Your lurid green scales are hard. (AC +7)))
You cannot fit into any form of body armour.
((Your system is resistant to poisons. (rPois)))
((You are cold-blooded and may be slowed by cold attacks.))


Message History

The electric eel shoots out a bolt of lightning at you!
The bolt of electricity hits you!
The bolt of electricity hits the plant!
The electric eel shoots out a bolt of lightning at you!
The bolt of electricity hits the electric eel.
The electric eel completely resists.
The bolt of electricity hits the electric eel.
The electric eel completely resists.
The bolt of electricity hits you!
* * * LOW HITPOINT WARNING * * *
The bolt of electricity hits the plant!
The plant is destroyed!
The electric eel shoots out a bolt of lightning at you!
The bolt of electricity hits the plant!
The bolt of electricity hits you!
* * * LOW HITPOINT WARNING * * *
Some of the chunks of flesh in your inventory have rotted away.
The electric eel shoots out a bolt of lightning at you!
The bolt of electricity hits the electric eel.
The electric eel completely resists.
The bolt of electricity misses you.
The electric eel shoots out a bolt of lightning at you!
The bolt of electricity hits you!
You die...

.....##....................).
.##.. #.#########.##..###.#..
#. #.# #######.##......... #
#.# #.......#.......... ###
#......##.<###.....
#..........# ####..
#...%..##.## #..
♣............ #..
♣≈s≈P..##.###. #..
♣≈≈≈≈♣≈P♣♣.# .###. #..
≈≈≈PPP≈P≈≈♣≈♣ .....###..
≈≈≈≈≈;≈≈♣≈≈≈≈ .........÷
≈≈≈≈≈;≈≈≈≈≈P≈♣♣......#..
≈≈≈≈≈≈≈≈≈≈≈≈P≈♣ ##.#....
≈≈≈≈;≈≈≈≈≈≈≈♣P≈ #.#....
≈≈≈≈≈≈;P≈P≈≈≈≈♣ #.#.#..
≈≈≈≈≈≈≈≈P≈♣≈P≈ #......


You could see 4 electric eels.

Vanquished Creatures
  A hippogriff (D:8)
  A sky beast (D:6)
  2 orc warriors (D:8)
  An eye of draining (D:8)
  6 ogres
  3 centaurs
  A crocodile (D:7)
  A gnoll sergeant (D:8)
  4 bullfrogs (D:6)
  A wyvern zombie (D:7)
  A wyvern skeleton (D:7)
  3 scorpions
  5 wights (D:7)
  A howler monkey (D:6)
  A crimson imp (D:6)
  A bullfrog zombie (D:5)
  3 orc priests
  A hound (D:4)
  A jelly (D:8)
  Jessica (D:3)
  2 iguanas
  3 orc wizards
  7 worker ants
  A worker ant zombie (D:8)
  3 gnolls (D:8)
  10 adders
  2 shadow imps
  An ooze (D:2)
  2 adder skeletons
  2 worms (D:2)
  5 dart slugs
  3 leopard geckos
  30 orcs
  5 giant cockroaches
  6 goblins
  5 hobgoblins
  10 jackals
  3 kobolds
  6 quokkas
  2 ball pythons
  4 bats
  2 frilled lizards (D:2)
  2 jackal zombies
  3 rats (D:2)
158 creatures vanquished.

Vanquished Creatures (others)
  A plant (D:8)
1 creature vanquished.

Grand Total: 159 creatures vanquished

Notes
Turn   | Place    | Note
-------+----------+-------------------------------------------
     0 | D:1      | sankara the Draconian Transmuter began the quest for the
                  | Orb.
     0 | D:1      | Reached XP level 1. HP: 16/16 MP: 3/3
   448 | D:1      | Reached XP level 2. HP: 23/23 MP: 5/5
   574 | D:1      | Learned a level 2 spell: Sticks to Snakes
   874 | D:1      | Reached XP level 3. HP: 25/29 MP: 4/6
  1155 | D:2      | Found an ornate altar of the Wu Jian Council.
  1160 | D:2      | Became a worshipper of the Wu Jian Council
  1560 | D:2      | Learned a level 3 spell: Spider Form
  1703 | D:2      | Reached XP level 4. HP: 21/36 MP: 7/7
  2593 | D:3      | Found a bloodstained altar of Trog.
  2713 | D:3      | Found a faded altar of an unknown god.
  2935 | D:3      | Reached * piety under Wu Jian
  2967 | D:3      | Noticed Jessica
  2977 | D:3      | Killed Jessica
  2977 | D:3      | Reached skill level 4 in Unarmed Combat
  3101 | D:3      | Reached XP level 5. HP: 38/41 MP: 1/8
  3218 | D:3      | Reached skill level 1 in Poison Magic
  4240 | D:5      | Entered Level 5 of the Dungeon
  4240 | D:5      | Noticed a centaur
  4244 | D:5      | Noticed an ogre
  4253 | D:4      | Killed a centaur
  4253 | D:4      | Reached XP level 6. HP: 35/50 MP: 4/10
  4376 | D:5      | Found Xudeg's Food Shop.
  4528 | D:5      | Reached skill level 5 in Unarmed Combat
  4629 | D:5      | Your scales start taking on a lurid green colour.
  4629 | D:5      | Reached XP level 7. HP: 48/57 MP: 7/11
  4629 | D:5      | Gained mutation: Your system is resistant to poisons.
                  | (rPois) [Green Draconian growth]
  4646 | D:5      | Found a hide-covered altar of Uskayaw.
  4814 | D:5      | Found a glowing silver altar of Zin.
  4907 | D:5      | Found a blossoming altar of Fedhas.
  5132 | D:6      | Found a sparkling altar of Nemelex Xobeh.
  5138 | D:6      | Reached skill level 6 in Unarmed Combat
  5140 | D:6      | Found a shadowy altar of Dithmenos.
  5214 | D:6      | Learned a level 1 spell: Confusing Touch
  5256 | D:6      | Reached ** piety under Wu Jian
  5256 | D:6      | Reached XP level 8. HP: 59/66 MP: 8/12
  5369 | D:6      | Learned a level 2 spell: Blink
  5709 | D:6      | Reached skill level 7 in Unarmed Combat
  5798 | D:6      | Found Janiar's Armour Emporium.
  5917 | D:6      | Found an opulent altar of Gozag.
  5936 | D:6      | Reached skill level 5 in Fighting
  5995 | D:7      | Found a staircase to the Ecumenical Temple.
  6008 | Temple   | Entered the Ecumenical Temple
  6344 | D:7      | Reached skill level 5 in Transmutations
  6595 | D:7      | Found Red Moig's Elemental Accessories.
  6629 | D:7      | Reached XP level 9. HP: 37/74 MP: 5/13
  7008 | D:7      | Reached skill level 5 in Dodging
  7228 | D:8      | Reached skill level 8 in Unarmed Combat
  7724 | D:8      | Reached *** piety under Wu Jian
  7778 | D:8      | Killed from afar by an electric eel

Levels and vault maps discovered:
D:1:      dpeg_arrival_line_fractal, layout_basic
D:2:      layout_basic, lemuel_doored_altar, first_ration
D:3:      layout_basic, nicolae_overflow_hidden_temple,
          chequers_ecumenical_altar_simple_redux, uniq_jessica
D:4:      layout_basic
D:5:      layout_cave_pools, lemuel_crystal_altar, fedhas_altar_2,
          lemuel_coloured_pillars_altar, serial_shops,
          nicolae_shop_competitors_out_of_business
D:6:      minmay_skewed_foursquare, layout_cave_pools,
          grunt_temple_overflow_open, serial_shops, nicolae_shop_waterfront,
          basic_altar
D:7:      layout_rooms, minmay_temple_entry_sparse_star, nicolae_elemental_shop,
          grunt_ogre_cave
D:8:      layout_basic, serial_bayou_lake_a
Temple:   oiseaux_autumnal_temple

Skill      XL: |  1  2  3  4  5  6  7  8  9 |
---------------+----------------------------+-----
Dodging        | 2 3 4 5 |  5.5
Fighting       | 2 3 4 5 6 |  6.2
Unarmed Combat | 4 5 6 7 8 |  8.7
Poison Magic   | 1 2 3 |  3.0
Transmutations | 3 4 5 6 |  6.0
Spellcasting   | 3 |  3.0

Action                   |  1- 3 |  4- 6 |  7- 9 || total
-------------------------+-------+-------+-------++-------
Melee: Unarmed           |   140 |   168 |   315 ||   623
       Tailslap          |    10 |    13 |     2 ||    25
       Kick              |     6 |    26 |       ||    32
       Punch             |     2 |     1 |     1 ||     4
       Headbutt          |     8 |     5 |       ||    13
Throw: Stone             |     1 |       |       ||     1
 Cast: Beastly Appendage |    23 |    21 |       ||    44
       Spider Form       |       |    10 |    35 ||    45
       Confusing Touch   |       |       |     1 ||     1
Invok: Lunge             |     4 |    11 |    17 ||    32
       Whirlwind         |       |     2 |   121 ||   123
 Stab: Sleeping          |       |     1 |     2 ||     3
  Eat: Chunk             |     3 |    12 |    15 ||    30
Armor: Skin              |    47 |    32 |    15 ||    94
Dodge: Dodged            |    96 |   111 |   256 ||   463
